 Dungeon Crawl Stone Soup version 0.29-a0-1052-g6990b1bffc (webtiles) character file.

Game seed: 4728488130730628428

70 Newt the Shooter (level 4, 0/26 HPs)
             Began as a Kobold Hunter on Aug 17, 2022.
             Succumbed to a gnoll's poison
             ... on level 1 of the Dungeon.
             The game lasted 00:03:27 (1740 turns).

Newt the Shooter (Kobold Hunter)                    Turns: 1740, Time: 00:03:27

Health: 0/26       AC:  4    Str: 10    XL:     4   Next: 44%
Magic:  4/4        EV: 14    Int: 10    God:
Gold:   46         SH:  0    Dex: 18    Spells: 3/3 levels left

rFire   . . .      SeeInvis .   a - +0 shortbow
rCold   . . .      Faith    .   (shield currently unavailable)
rNeg    . . .      Spirit   .   c - +0 leather armour
rPois   .          Reflect  .   (no helmet)
rElec   .          Harm     .   e - +0 cloak
rCorr   .          Rampage  .   (no gloves)
Will    .....                   (no boots)
Stlth   +++.......              (no amulet)
HPRegen 0.08/turn               (no ring)
MPRegen 0.09/turn               (no ring)

@: lethally poisoned (0 -> -3), on berserk cooldown, slowed, very slow
A: small, no large weapons, nightstalker 3
a: no special abilities


You were on level 1 of the Dungeon.
You visited 1 branch of the dungeon, and saw 2 of its levels.

You collected 46 gold pieces.

Inventory:

Hand Weapons
 a - a +0 shortbow (weapon)
Armour
 c - a +0 leather armour (worn)
 e - a +0 cloak (worn)
Scrolls
 b - a scroll of immolation
 f - a scroll of vulnerability
Potions
 g - a potion of attraction


   Skills:
 - Level 2.1 Fighting
 - Level 7.0 Ranged Weapons
 + Level 2.5 Dodging
 - Level 3.0 Stealth


You had 3 spell levels left.
You didn't know any spells.
Your spell library contained the following spells:

 Spells                   Type           Power      Damage    Failure   Level
 Animate Dead             Necr           0%         N/A       99%         4
 Haunt                    Necr/Summ      0%         N/A       100%        7
 Infestation              Necr           0%         N/A       100%        8


Dungeon Overview and Level Annotations

Branches:
Dungeon (2/15)

Altars:


Innate Abilities, Weirdness & Mutations

You are small and have problems with some larger weapons.
You are completely attuned to the shadows.


Message History

There is a stone staircase leading down here.
There is a lethal amount of poison in your body!
There is a lethal amount of poison in your body!
There is a lethal amount of poison in your body!
Okay, then.
It was a potion of berserk rage.
A red film seems to cover your vision as you go berserk!
You feel yourself moving faster!
You feel mighty!
You feel very sick.
Unknown command.
You are too berserk!
You are too berserk!
You start resting.
You feel a strong urge to attack something.
* * * LOW HITPOINT WARNING * * *
You feel sick.
You start resting.
* * * LOW HITPOINT WARNING * * *
You feel sick.
You start resting.
You feel your anger nearly subside.
* * * LOW HITPOINT WARNING * * *
You feel sick.
You start resting.
You are no longer berserk.
You are exhausted.
You feel yourself slow down.
* * * LOW HITPOINT WARNING * * *
You feel sick.
There is a lethal amount of poison in your body!
There is a lethal amount of poison in your body!
Okay, then.
As you read the scroll labelled SANLUU FIOH, it crumbles to dust.
You feel strangely unstable.
It was a scroll of teleportation.
* * * LOW HITPOINT WARNING * * *
You feel sick.
As you read the scroll labelled LISAVV OLISCH, it crumbles to dust.
The scroll dissolves into smoke.
It was a scroll of fog.
Your surroundings suddenly seem different.
You die...

##.........##.......#
#...........#.......#####
#........................
#....(.......############
#............#
#.###.###.#..#
#...###...#.##
#.#.#.#.###..############
#.#.....@#...............
#.###.#.###.########.####
#..#(.....#.#############
#.###.#.#.#........#...#.
#.#...###...########...'.
#.#.###.###.....####...#.
#..................##'###
#.####.............#...#.
#.#######.......##.'...#.


There were no monsters in sight!

Vanquished Creatures
  A gnoll (D:1)
  4 dart slugs
  5 bats (D:1)
  3 endoplasms
  2 giant cockroaches (D:1)
  4 hobgoblins
  6 jackals
  5 kobolds (D:1)
  2 quokkas (D:1)
  5 ball pythons (D:1)
  3 frilled lizards (D:1)
  A goblin (D:1)
  6 rats
47 creatures vanquished.

Notes
Turn   | Place    | Note
-------+----------+-------------------------------------------
     0 | D:1      | Newt the Kobold Hunter began the quest for the Orb.
     0 | D:1      | Reached XP level 1. HP: 12/12 MP: 1/1
   362 | D:1      | Reached XP level 2. HP: 17/17 MP: 2/2
   563 | D:1      | Reached XP level 3. HP: 2/21 MP: 3/3
   583 | D:1      | Reached skill level 6 in Ranged Weapons
  1156 | D:1      | Reached XP level 4. HP: 26/26 MP: 4/4
  1528 | D:1      | HP: 1/26 [gnoll/+0 whip (4)]
  1532 | D:1      | Reached skill level 7 in Ranged Weapons
  1739 | D:1      | HP: 1/26 [poisoned by a gnoll]
  1740 | D:1      | Succumbed to a gnoll's poison

Illustrated notes

Levels and vault maps discovered:
D:1:      co_arrival_random_square_maze, layout_rooms, grunt_decor_resistance,
          minmay_indecisive_spiral
D:2:      layout_loops_ring, minmay_misc_feat_iff, uniq_jessica, uniq_robin

Skill      XL: |  1  2  3  4 |
---------------+-------------+-----
Stealth        | 2 3 |  3.0
Ranged Weapons | 6 7 |  7.0
Fighting       | |  2.1
Dodging        | |  2.5

Action                   |  1- 3 |  4- 6 || total
-------------------------+-------+-------++-------
 Fire: Shortbow          |    77 |    25 ||   102
  Use: Potion            |     2 |     2 ||     4
       Scroll            |       |     5 ||     5
Armor: Leather armour    |    14 |     7 ||    21
Dodge: Dodged            |    44 |    26 ||    70

Table legend: (Time is in decaauts)
 A = Elapsed time spent in this place.
 B = Non-inter-level travel time spent in this place.
 C = Inter-level travel time spent in this place.
 D = Time resting spent in this place.
 E = Time spent auto-exploring this place.
 F = Levels seen in this place.
 G = Mean time per level.
                   A        B        C        D        E       F      G
               +--------+--------+--------+--------+--------+-----+--------+
         Total |   1766 |   1741 |     25 |    725 |    742 |   2 |  883.0 |
       Dungeon |   1766 |   1741 |     25 |    725 |    742 |   2 |  883.0 |
               +--------+--------+--------+--------+--------+-----+--------+

Top non-repeatable levels by time:
     D:1: 1625 daAuts
     D:2: 141 daAuts
